[ AOE2 MATCH · #495834864 ]
UnrankedEthiopians vs Romans
Player's team · WIN
Rival team · LOSS
[ REPLAY ANALYSIS · EXTRACTED FROM THE RECORDED GAME ]
Feudal
10:14
Castle
27:29
Imperial
—
| APM avg | 21.5 |
| APM peak | 70 |
| eAPM avg | 13.0 |
| Villagers / military | 44 / 21 |
Focus
⚔️ 21.7% · 🌾 78.3%
Militia ×20 · Shotel Warrior ×1
Feudal
9:10
Castle
26:00
Imperial
—
| APM avg | 37.6 |
| APM peak | 112 |
| eAPM avg | 23.4 |
| Villagers / military | 68 / 7 |
Focus
⚔️ 29.4% · 🌾 70.6%
Archer ×7
Match map
Initial resources + every placement click. Lines = walls · curves = elevation contours. ◆ gold · ⬟ stone · ● berries · ✦ relic · ◌ wall gap
Your base· Open — unwalled flank
NICEFORO's base· Open — unwalled flank
Smoothed initial terrain · ◌ = detected wall gap · hover for details
Inputs per minute
— lauyikken123 - - NICEFORO
Build order — lauyikken123
118 actions detected in the replay
| 0:01 | Queue | Villager (Male) |
| 0:01 | Queue | Villager (Male) |
| 0:01 | Queue | Villager (Male) |
| 0:02 | Queue | Villager (Male) |
| 0:03 | Build | House |
| 0:05 | Build | House |
| 0:29 | Build | House |
| 1:33 | Queue | Villager (Male) |
| 2:13 | Queue | Villager (Male) |
| 2:26 | Queue | Villager (Male) |
| 2:37 | Queue | Villager (Male) |
| 3:01 | Queue | Villager (Male) |
| 3:45 | Queue | Villager (Male) |
| 3:53 | Queue | Villager (Male) |
| 4:03 | Build | Lumber Camp |
| 4:26 | Queue | Villager (Male) |
| 4:40 | Queue | Villager (Male) |
| 4:57 | Queue | Villager (Male) |
| 5:26 | Queue | Villager (Male) |
| 5:53 | Build | Mill |
| 5:58 | Queue | Villager (Male) |
| 6:09 | Build | House |
| 6:28 | Queue | Villager (Male) |
| 6:39 | Research | Loom |
| 6:48 | Queue | Villager (Male) |
| 6:56 | Queue | Villager (Male) |
| 7:17 | Queue | Villager (Male) |
| 7:52 | Build | House |
| 8:03 | Research | Feudal Age |
| 8:11 | Build | Barracks |
| 9:18 | Build | Mining Camp |
| 9:23 | Queue | Militia |
| 9:23 | Queue | Militia |
| 10:06 | Queue | Villager (Male) |
| 10:14 | Age | Feudal Age |
| 10:21 | Research | Double-Bit Axe |
| 10:22 | Queue | Militia |
| 10:24 | Queue | Militia |
| 10:30 | Queue | Militia |
| 11:01 | Build | Barracks |
| 11:06 | Queue | Villager (Male) |
| 11:20 | Research | Man-at-Arms (upgrade) |
| 11:43 | Build | Farm |
| 11:47 | Build | Farm |
| 11:49 | Build | Farm |
| 12:33 | Queue | Militia |
| 12:34 | Research | Arson |
| 12:50 | Queue | Militia |
| 12:50 | Queue | Militia |
| 12:52 | Queue | Militia |
| 12:58 | Queue | Villager (Male) |
| 13:03 | Build | Farm |
| 13:04 | Build | Farm |
| 13:06 | Build | Farm |
| 13:16 | Build | Watch Tower |
| 13:30 | Build | Blacksmith |
| 13:33 | Queue | Villager (Male) |
| 13:34 | Queue | Villager (Male) |
| 14:41 | Build | Farm |
| 14:54 | Queue | Militia |
| 15:17 | Build | Farm |
| 15:40 | Queue | Militia |
| 16:12 | Build | Farm |
| 16:13 | Build | Farm |
| 16:14 | Build | Farm |
| 16:15 | Build | Farm |
| 16:41 | Research | Fletching |
| 17:12 | Build | Farm |
| 17:15 | Build | Farm |
| 17:23 | Queue | Villager (Male) |
| 17:49 | Queue | Villager (Male) |
| 17:50 | Queue | Villager (Male) |
| 17:54 | Build | Farm |
| 18:17 | Build | Mining Camp |
| 18:22 | Queue | Militia |
| 18:29 | Queue | Militia |
| 18:33 | Build | House |
| 18:49 | Queue | Militia |
| 19:07 | Queue | Militia |
| 19:14 | Queue | Militia |
| 19:47 | Build | Mining Camp |
| 20:01 | Queue | Villager (Male) |
| 20:02 | Queue | Villager (Male) |
| 20:02 | Queue | Villager (Male) |
| 20:12 | Queue | Villager (Male) |
| 20:45 | Queue | Villager (Male) |
| 21:46 | Build | House |
| 22:06 | Queue | Villager (Male) |
| 22:11 | Queue | Villager (Male) |
| 22:15 | Build | House |
| 22:16 | Build | House |
| 22:17 | Build | House |
| 23:21 | Queue | Villager (Male) |
| 23:36 | Build | Market |
| 23:46 | Queue | Villager (Male) |
| 24:24 | Queue | Villager (Male) |
| 24:38 | Build | Farm |
| 24:42 | Build | Farm |
| 24:48 | Research | Castle Age |
| 25:00 | Research | Stone Mining |
| 25:13 | Queue | Villager (Male) |
| 25:24 | Research | Forging |
| 25:31 | Build | Farm |
| 25:49 | Build | Farm |
| 25:54 | Queue | Villager (Male) |
| 26:13 | Queue | Villager (Male) |
| 26:38 | Queue | Militia |
| 26:45 | Queue | Militia |
| 27:08 | Queue | Villager (Male) |
| 27:29 | Age | Castle Age |
| 27:47 | Build | Castle |
| 27:52 | Research | Long Swordsman (upgrade) |
| 27:56 | Queue | Villager (Male) |
| 27:59 | Queue | Villager (Male) |
| 28:06 | Queue | Militia |
| 28:06 | Queue | Militia |
| 28:33 | Build | Watch Tower |
| 29:54 | Queue | Shotel Warrior |
Build order — NICEFORO
First 150 of 160 actions detected
| 0:01 | Queue | Villager (Male) |
| 0:01 | Queue | Villager (Male) |
| 0:03 | Build | House |
| 0:04 | Build | House |
| 0:21 | Queue | Villager (Male) |
| 0:22 | Queue | Villager (Male) |
| 1:30 | Queue | Villager (Male) |
| 1:30 | Queue | Villager (Male) |
| 1:56 | Queue | Villager (Male) |
| 1:57 | Queue | Villager (Male) |
| 2:10 | Queue | Villager (Male) |
| 2:14 | Build | Lumber Camp |
| 2:32 | Queue | Villager (Male) |
| 2:58 | Queue | Villager (Male) |
| 2:58 | Queue | Villager (Male) |
| 3:26 | Build | House |
| 3:29 | Build | House |
| 3:32 | Queue | Villager (Male) |
| 3:33 | Queue | Villager (Male) |
| 3:55 | Queue | Villager (Male) |
| 3:55 | Queue | Villager (Male) |
| 4:16 | Queue | Villager (Male) |
| 4:52 | Build | Mill |
| 4:53 | Queue | Villager (Male) |
| 4:54 | Queue | Villager (Male) |
| 5:33 | Queue | Villager (Male) |
| 5:36 | Research | Loom |
| 6:28 | Build | Mining Camp |
| 7:00 | Research | Feudal Age |
| 7:01 | Research | Feudal Age |
| 7:01 | Research | Feudal Age |
| 7:29 | Queue | Villager (Male) |
| 7:30 | Queue | Villager (Male) |
| 7:47 | Queue | Villager (Male) |
| 7:47 | Queue | Villager (Male) |
| 9:10 | Age | Feudal Age |
| 9:22 | Build | Watch Tower |
| 9:26 | Queue | Villager (Male) |
| 9:26 | Queue | Villager (Male) |
| 9:32 | Build | Palisade Wall |
| 9:36 | Build | Palisade Wall |
| 9:41 | Build | Palisade Wall |
| 9:43 | Queue | Villager (Male) |
| 9:44 | Queue | Villager (Male) |
| 9:58 | Build | Mill |
| 10:02 | Queue | Villager (Male) |
| 10:20 | Build | House |
| 10:24 | Build | House |
| 10:46 | Build | Watch Tower |
| 10:48 | Queue | Villager (Male) |
| 10:48 | Queue | Villager (Male) |
| 10:56 | Queue | Villager (Male) |
| 11:06 | Build | Farm |
| 11:08 | Build | Farm |
| 11:25 | Build | Watch Tower |
| 11:53 | Build | House |
| 12:17 | Build | House |
| 12:20 | Queue | Villager (Male) |
| 12:20 | Queue | Villager (Male) |
| 12:30 | Build | House |
| 12:43 | Queue | Villager (Male) |
| 12:43 | Queue | Villager (Male) |
| 12:43 | Queue | Villager (Male) |
| 12:59 | Build | Watch Tower |
| 13:11 | Build | House |
| 13:12 | Build | House |
| 13:14 | Build | House |
| 13:16 | Build | House |
| 13:19 | Build | Farm |
| 13:34 | Build | House |
| 13:38 | Build | House |
| 13:54 | Queue | Villager (Male) |
| 13:54 | Queue | Villager (Male) |
| 14:01 | Build | Palisade Wall |
| 15:27 | Build | Watch Tower |
| 15:51 | Queue | Villager (Male) |
| 15:51 | Queue | Villager (Male) |
| 16:23 | Queue | Villager (Male) |
| 16:23 | Queue | Villager (Male) |
| 16:46 | Queue | Villager (Male) |
| 16:46 | Queue | Villager (Male) |
| 17:16 | Build | Blacksmith |
| 17:20 | Build | Market |
| 17:29 | Build | Farm |
| 17:32 | Build | Farm |
| 17:35 | Build | Mining Camp |
| 18:23 | Build | Watch Tower |
| 18:28 | Build | Palisade Wall |
| 18:32 | Build | Palisade Wall |
| 18:43 | Queue | Villager (Male) |
| 18:44 | Queue | Villager (Male) |
| 18:56 | Build | Palisade Wall |
| 19:36 | Build | Mill |
| 19:42 | Build | Barracks |
| 20:05 | Build | Palisade Wall |
| 20:08 | Build | Palisade Wall |
| 20:11 | Build | Palisade Wall |
| 20:14 | Build | Palisade Wall |
| 20:15 | Build | Palisade Wall |
| 20:17 | Build | Palisade Wall |
| 20:23 | Build | Palisade Wall |
| 20:32 | Queue | Villager (Male) |
| 20:32 | Queue | Villager (Male) |
| 20:36 | Build | Farm |
| 20:38 | Build | Farm |
| 20:42 | Build | Farm |
| 20:45 | Build | Palisade Wall |
| 20:51 | Build | Palisade Gate |
| 21:03 | Build | Palisade Wall |
| 21:05 | Build | Palisade Wall |
| 21:09 | Build | Palisade Wall |
| 21:16 | Build | Palisade Wall |
| 21:18 | Build | Palisade Wall |
| 21:19 | Queue | Villager (Male) |
| 21:19 | Queue | Villager (Male) |
| 21:20 | Queue | Villager (Male) |
| 21:32 | Build | Palisade Wall |
| 21:52 | Queue | Villager (Male) |
| 21:53 | Queue | Villager (Male) |
| 22:14 | Build | Farm |
| 22:30 | Build | Palisade Wall |
| 22:32 | Queue | Villager (Male) |
| 22:32 | Queue | Villager (Male) |
| 22:35 | Build | Farm |
| 22:49 | Queue | Villager (Male) |
| 23:21 | Research | Castle Age |
| 24:41 | Queue | Villager (Male) |
| 24:41 | Queue | Villager (Male) |
| 24:42 | Queue | Villager (Male) |
| 25:12 | Build | House |
| 25:21 | Research | Stone Mining |
| 25:41 | Build | Archery Range |
| 26:00 | Age | Castle Age |
| 26:18 | Queue | Villager (Male) |
| 26:18 | Queue | Villager (Male) |
| 26:21 | Queue | Archer |
| 26:21 | Queue | Archer |
| 26:22 | Queue | Archer |
| 26:51 | Build | Castle |
| 26:57 | Build | Farm |
| 26:57 | Build | Farm |
| 26:57 | Build | Farm |
| 26:58 | Build | Farm |
| 26:59 | Queue | Archer |
| 26:59 | Queue | Archer |
| 27:23 | Queue | Archer |
| 27:23 | Queue | Archer |
| 27:53 | Build | House |
| 27:56 | Build | House |
| 28:00 | Build | Gate |
Match timeline
| 8:11 | lauyikken123 · first_building Barracks |
| 9:10 | NICEFORO · age_up feudal |
| 9:32 | NICEFORO · wall_segment Palisade Wall x1 |
| 9:36 | NICEFORO · wall_segment Palisade Wall x1 |
| 9:41 | NICEFORO · wall_segment Palisade Wall x1 |
| 10:14 | lauyikken123 · age_up feudal |
| 14:01 | NICEFORO · wall_segment Palisade Wall x9 |
| 18:28 | NICEFORO · wall_segment Palisade Wall x1 |
| 18:32 | NICEFORO · wall_segment Palisade Wall x1 |
| 18:56 | NICEFORO · wall_segment Palisade Wall x1 |
| 19:42 | NICEFORO · first_building Barracks |
| 20:05 | NICEFORO · wall_segment Palisade Wall x1 |
| 20:08 | NICEFORO · wall_segment Palisade Wall x2 |
| 20:11 | NICEFORO · wall_segment Palisade Wall x3 |
| 20:14 | NICEFORO · wall_segment Palisade Wall x3 |
| 20:15 | NICEFORO · wall_segment Palisade Wall x1 |
| 20:17 | NICEFORO · wall_segment Palisade Wall x1 |
| 20:23 | NICEFORO · wall_segment Palisade Wall x4 |
| 20:29 | NICEFORO · first_market_buy 100 food |
| 20:45 | NICEFORO · wall_segment Palisade Wall x2 |
| 21:03 | NICEFORO · wall_segment Palisade Wall x11 |
| 21:05 | NICEFORO · wall_segment Palisade Wall x1 |
| 21:09 | NICEFORO · wall_segment Palisade Wall x6 |
| 21:16 | NICEFORO · wall_segment Palisade Wall x5 |
| 21:18 | NICEFORO · wall_segment Palisade Wall x6 |
| 21:32 | NICEFORO · wall_segment Palisade Wall x5 |
| 21:50 | NICEFORO · first_market_sell 100 stone |
| 22:30 | NICEFORO · wall_segment Palisade Wall x5 |
| 25:41 | NICEFORO · first_building Archery Range |
| 26:00 | NICEFORO · age_up castle |
| 26:51 | NICEFORO · first_building Castle |
| 27:29 | lauyikken123 · age_up castle |
| 27:35 | lauyikken123 · first_market_buy 100 stone |
| 27:47 | lauyikken123 · first_building Castle |
| 28:04 | NICEFORO · wall_segment Stone Wall x1 |
| 28:10 | NICEFORO · wall_segment Stone Wall x1 |
| 29:54 | NICEFORO · resign |
[ AI ANALYSIS · 1 CREDIT ]
What really happened in this match?
Wolo.gg analyzes every decision: build order, eco, micro, common mistakes by bracket. Personalized analysis on WhatsApp or Discord in 30 seconds.
Civ guide
Ethiopians
Perfil
Jugador #22582298